Cogmind - Beta 15 @@@ ROGUE MODE // 2025.05.06 @ 02:40:10 Player: Savant Result: Destroyed by P-70 Sage with High-powered Shock Rifle Performance ------------- Evolutions (5) 2500 Regions Visited (11) 2200 Robots Destroyed (190) 950 Value Destroyed (7425) 7425 Prototype IDs (46) 920 Alien Tech Used (0) 0 Bonus (3019) 3019 TOTAL SCORE: 17014 Bonus ------- High Alert Combat Kills 864 Follower Combat Kills 1055 Registered with UFD 300 Met Optimus in HQ 500 Met Data Miner 300 Cogmind --------- Core Integrity 0/1000 Matter 195/300 Energy 150/150 System Corruption 19% Temperature Cool (0) Movement Hovering (50) Location -5/Factory Parts ------- > --- POWER (1) -------- Micro Fission Core > --- PROPULSION (4) --- Cooled Aerolev Unit > --- UTILITY (9) ------ Advanced Cooling System Advanced Signal Interpreter Experimental Targeting Computer ECM Suite Improved Hacking Suite Advanced Hacking Suite System Shield > --- WEAPON (3) ------- (None) > --- INVENTORY (5) ---- Huge Storage Unit Advanced Energy Well (455) Enhanced Scrap Shield Component Analysis Suite Peak State ------------ > --- POWER ------------ Neutrino Core > --- PROPULSION ------- Improved Treads Wheel Overtuned Huge Scrapsphere > --- UTILITY ---------- Scrap Suit Huge Storage Unit Experimental Targeting Computer Enhanced Scrap Shield Point Defense System Improved Hacking Suite Advanced System Shield > --- WEAPON ----------- Cooled Plasma Cannon Compact Ion Cannon Antimatter Cannon > --- INVENTORY -------- Neutrino Core Light Armored Exoskeleton Enhanced Flexi-carbon Leg Advanced Cooling System Advanced Cooling System Advanced Energy Well Matter Compressor Tactical Coordination Suite Core Analyzer Improved Weapon Cycler Improved Heavy Armor Plating Improved Hacking Suite Component Analysis Suite Improved Trap Extractor Proton Cannon Advanced Plasma Cannon Overtuned Coil Gun Precision Rocket Launcher Improved Remote Datajack Impact Mace DRS Beacon Large Botcube [Rating: 97] Favorites ----------- Power Neutrino Core Engine Deuterium Engine Power Core Neutrino Core Propulsion Wheel Treads Light Treads Leg Armored Leg Wheel Wheel Hover Unit Improved Gravmag System Flight Unit Cesium-ion Thruster Utility Experimental Targeting Computer Device Scrap Suit Storage Huge Storage Unit Processor Experimental Targeting Computer Hackware Improved Hacking Suite Protection Enhanced Scrap Shield Weapon Cooled Plasma Cannon Energy Gun High-powered Field Laser Energy Cannon Cooled Plasma Cannon Ballistic Gun Overtuned Barrage Gun Ballistic Cannon Mini Assault Cannon Launcher Precision Rocket Launcher Special Weapon Remote Datajack Impact Weapon Impact Mace Special Melee Weapon Datajack Build | -11 -10 -10 -8 -6 -6 -6 -6 -6 -6 -5 -5 ------- Run | Yrd Mat Sub Scr Fac Was Fac Low Low Dat Pro Fac Slots Evolved 10 | . . . . 8 . . . . . . 2 Power . | . . . . . . . . . . . . Propulsion 2 | . . . . 2 . . . . . . . Utility 7 | . . . . 5 . . . . . . 2 Weapon 1 | . . . . 1 . . . . . . . Parts Attached 175 | 8 7 12 5 47 1 41 2 8 2 3 39 Power 23 | 1 2 3 1 5 . 5 . 1 . . 5 Engine 12 | 1 2 3 1 3 . . . . . . 2 Core 11 | . . . . 2 . 5 . 1 . . 3 Reactor . | . . . . . . . . . . . . Propulsion 43 | 2 2 4 1 9 1 9 1 3 . 1 10 Treads 15 | 1 2 2 1 4 1 3 . . . . 1 Leg 8 | . . . . 3 . 1 1 . . 1 2 Wheel 15 | 1 . 2 . 2 . 5 . 2 . . 3 Hover 4 | . . . . . . . . . . . 4 Flight 1 | . . . . . . . . 1 . . . Utility 70 | 2 2 1 . 19 . 17 1 3 1 2 22 Device 39 | 1 1 1 . 9 . 12 . 3 1 1 10 Storage 6 | 1 1 . . . . 1 . . . 1 2 Processor 6 | . . . . 5 . . . . . . 1 Hackware 10 | . . . . 2 . 2 . . . . 6 Protection 9 | . . . . 3 . 2 1 . . . 3 Artifact . | . . . . . . . . . . . . Weapon 39 | 3 1 4 3 14 . 10 . 1 1 . 2 Energy Gun 6 | 2 . 1 . 2 . 1 . . . . . Energy Cannon 10 | . 1 2 . 2 . 4 . . . . 1 Ballistic Gun 7 | 1 . . . 5 . . . 1 . . . Ballistic Cannon 5 | . . . 1 1 . 3 . . . . . Launcher 4 | . . 1 . 1 . 2 . . . . . Special Weapon 4 | . . . 1 1 . . . . 1 . 1 Impact Weapon 2 | . . . . 2 . . . . . . . Slashing Weapon . | . . . . . . . . . . . . Piercing Weapon . | . . . . . . . . . . . . Special Melee Weapon 1 | . . . 1 . . . . . . . . Unidentified Prototypes 16 | . . . . 8 . 4 1 . . 2 1 Parts Lost 46 | . 2 4 . 3 . 11 . . . . 26 Power 7 | . 1 2 . 1 . 1 . . . . 2 Propulsion 17 | . 1 . . 1 . 5 . . . . 10 Utility 10 | . . 1 . . . 2 . . . . 7 Weapon 12 | . . 1 . 1 . 3 . . . . 7 Highest Loss Streak 12 | . 1 2 . 1 . 6 . . . . 12 To Critical Strikes . | . . . . . . . . . . . . Average Backups 15 | 5 11 14 12 10 11 18 18 18 19 19 17 Power . | . 1 . . . . . 1 1 1 1 1 Propulsion 1 | 3 4 3 2 1 2 1 1 1 1 1 1 Utility 7 | . 2 5 4 3 4 9 9 10 11 11 10 Weapon 4 | 1 2 3 3 3 3 5 6 5 6 5 4 Tool/Special . | . . . . . . . . . . . . Unused Backups 29 | . . 3 4 6 . 9 . . . . 7 Power 4 | . . . . 2 . . . . . . 2 Propulsion 7 | . . 2 1 . . 4 . . . . . Utility 9 | . . 1 2 1 . 2 . . . . 3 Weapon 9 | . . . 1 3 . 3 . . . . 2 Tool/Special . | . . . . . . . . . . . . Average Slot Usage (%) 92 | . 100 99 100 92 88 88 93 92 93 93 77 Engine 4 | . 14 13 14 3 . . . . . . . Core 3 | . . . . 2 6 5 6 6 6 6 4 Treads 12 | . 15 15 27 6 8 7 13 7 6 6 4 Leg 1 | . . . . 6 . . . . . 2 . Wheel 10 | . 12 12 . 11 13 12 12 18 20 16 9 Device 12 | . 14 13 14 16 13 11 5 10 13 13 10 Storage 8 | . 14 14 14 6 6 6 6 6 6 6 4 Processor 7 | . . . . 10 13 13 13 13 13 13 5 Hackware 4 | . . . . 4 6 8 6 1 . . 11 Protection 2 | . . . . . . . 6 6 6 6 4 Energy Gun 5 | . 8 5 11 3 6 1 5 6 6 6 1 Energy Cannon 8 | . 5 19 13 3 6 5 5 5 6 5 7 Ballistic Gun 3 | . 14 3 . 10 1 3 . . . . 1 Ballistic Cannon 3 | . . . 2 . . 5 6 5 . 6 2 Peak Build Rating 97 | 7 10 15 18 75 76 82 81 78 77 85 97 Average Rating 57 | 5 9 12 14 64 74 76 76 76 74 78 88 On Entrance 48 | . 7 10 15 18 73 76 72 77 76 77 83 Naked Turns . | . . . . . . . . . . . . Heaviest Build 138 | 14 30 37 42 58 53 126 126 134 131 131 138 Greatest Support 70 | 20 40 40 43 28 16 70 20 36 30 30 58 Greatest Overweight (x) 11 | . 1 2 1 6 3 11 11 6 4 6 6 Average Overweight (x) 3 | . . . . 3 3 5 5 3 4 4 2 Largest Inventory Capacity 25 | 8 15 15 15 15 15 25 25 25 25 25 25 Average Capacity 20 | 7 14 15 15 15 15 24 25 25 25 25 22 Most Carried 25 | 8 15 15 15 15 15 25 25 25 25 25 25 Average Carried 19 | 5 11 14 14 14 15 23 24 24 25 24 22 Final Capacity 25 | 8 15 15 15 15 15 25 25 25 25 25 5 Final Carried 25 | 7 15 15 15 15 15 23 25 25 25 25 5 Class Distribution -------------------- 30% | Scavenger-Skirmisher 21% | Scavenger-Mutant 15% | Scavenger-Scrapper 10% | Mutant 8% | Scavenger-Gunner 6% | Commander-Scrapper Dominant Class ---------------- Mutant | -10/Materials Scavenger-Mutant | -10/Subcaves Scavenger-Mutant | -8/Scraptown Scavenger-Scrapper | -6/Factory Commander-Tank | -6/Waste Commander-Scrapper | -6/Factory Scavenger-Skirmisher | -6/Lower Caves Scavenger-Skirmisher | -6/Lower Caves Scavenger-Skirmisher | -6/Data Miner Scavenger-Skirmisher | -5/Proximity Caves Scavenger-Gunner | -5/Factory Resources | -11 -10 -10 -8 -6 -6 -6 -6 -6 -6 -5 -5 ----------- Run | Yrd Mat Sub Scr Fac Was Fac Low Low Dat Pro Fac Matter Collected 8907 | 291 316 245 40 2103 90 3236 587 278 . 175 1546 Remotely . | . . . . . . . . . . . . Salvage Created 8224 | 48 747 124 . 2817 . 1792 150 145 . 46 2355 Parts 318 | 4 42 15 . 95 . 68 3 11 . 8 72 Haulers Intercepted 6 | . 1 . . 2 . 3 . . . . . Recyclers Shooed 11 | . . . . 4 . 2 . . . . 5 Parts Field Recycled . | . . . . . . . . . . . . Retrieved Matter . | . . . . . . . . . . . . Parts Self-Destructed 19 | . . 6 . . . . 2 4 . 7 . Prevented . | . . . . . . . . . . . . Kills | -11 -10 -10 -8 -6 -6 -6 -6 -6 -6 -5 -5 ------- Run | Yrd Mat Sub Scr Fac Was Fac Low Low Dat Pro Fac Combat Hostiles Destroyed 138 | . 12 7 . 33 . 31 12 6 . 4 33 Melee 2 | . . . . 2 . . . . . . . Guns 31 | . 8 1 . 13 . 4 1 . . . 4 Cannons 48 | . 4 2 . 10 . 13 . 2 . . 17 AOE 47 | . . 4 . 5 . 13 11 4 . 4 6 Classes Destroyed 20 | 1 5 2 . 6 . 4 . 2 . . . Worker 10 | . 1 . . 3 . 3 . . . . 3 Builder 6 | . . . . 1 . 2 . . . . 3 Tunneler 3 | 2 . . . . . 1 . . . . . Hauler 6 | . 1 . . 2 . 3 . . . . . Recycler 14 | . 2 . . 7 . . . . . . 5 Minesweeper 1 | . . . . . . . . 1 . . . Operator 4 | . 2 . . 1 . 1 . . . . . Watcher 7 | . . . . 3 . . . . . . 4 Swarmer 30 | . . 4 . 4 . 6 8 4 . 4 . Grunt 54 | . 12 . . 15 . 10 3 1 . . 13 Brawler 4 | . . . . . . 3 . . . . 1 Duelist 4 | . . . . 1 . 2 1 . . . . Sentry 10 | . . . . 4 . 2 . . . . 4 Specialist 6 | . . . . . . 6 . . . . . Hunter 10 | . . . . 3 . . . . . . 7 Programmer 15 | . . . . 6 . 1 . . . . 8 Heavy 1 | . . . . . . 1 . . . . . Subdweller 3 | . . 3 . . . . . . . . . Scrapoid 1 | . . . . . . 1 . . . . . Thief 1 | . . . . . . . . 1 . . . Best Kill Streak 7 | 1 3 4 . 6 . 7 4 4 . 4 7 Combat Bots Only 6 | . 3 4 . 4 . 6 4 4 . 4 5 Max Kills in Single Turn 4 | 1 1 3 . 2 . 4 2 2 . 4 3 Gunslinging . | . . . . . . . . . . . . Exploded 4 | . . 3 . 2 . 4 2 2 . 4 2 Melee 1 | . . . . 1 . . . . . . . Uniques/NPCs Destroyed . | . . . . . . . . . . . . Combat | -11 -10 -10 -8 -6 -6 -6 -6 -6 -6 -5 -5 -------- Run | Yrd Mat Sub Scr Fac Was Fac Low Low Dat Pro Fac Hostile Shots Fired 1141 | . 59 47 . 234 . 263 12 10 . 40 476 Missed 374 | . 14 24 . 73 . 101 1 4 . 12 145 Hits 767 | . 45 23 . 161 . 162 11 6 . 28 331 Melee 15 | . . . . . . . . 3 . . 12 Projectile 752 | . 45 23 . 161 . 162 11 3 . 28 319 AOE 1 | . . . . . . . . . . . 1 Critical Strikes 24 | . 1 . . 3 . 8 . . . . 12 Part Disruptions 2 | . . . . 1 . . . . . . 1 Damage Taken 13798 | . 581 506 . 2182 . 3138 171 79 . 427 6714 Core 1932 | . 100 127 . 243 . 404 . 7 . 33 1018 Absorbed by Shields . | . . . . . . . . . . . . Reduced by Siege Mode 65 | . . . . . . 65 . . . . . Regen/Repaired (Parts) 168 | . . . . 56 . 12 . . . . 100 Core Remaining (%) 42 | 100 . . 9 . . . . . . 19 . Volleys Fired 584 | 11 60 16 . 135 13 122 20 15 3 34 155 Largest 3 | 2 2 2 . 3 1 3 3 3 1 1 3 Hottest 263 | 70 80 140 . 185 5 185 145 145 5 43 263 Shots Fired 1085 | 22 118 26 . 307 14 248 22 25 3 34 266 Gun 401 | 22 107 3 . 191 1 39 1 6 . . 31 Cannon 619 | . 11 21 . 112 . 198 9 16 . 33 219 Launcher 42 | . . 2 . 3 . 11 12 3 . 1 10 Special 23 | . . . . 1 13 . . . 3 . 6 Kinetic 426 | 11 58 2 . 176 . 122 1 5 . . 51 Thermal 587 | 11 60 24 . 127 1 112 9 17 . 33 193 Explosive 40 | . . . . 3 . 11 12 3 . 1 10 Electromagnetic 9 | . . . . . . 3 . . . . 6 Robot Hit Streak 27 | 4 19 8 . 9 22 27 10 9 1 . 25 Robot Miss Streak 7 | 1 2 2 . 5 . 3 1 1 2 . 7 Penetration Max 1 | . . . . . . . . . . . 1 Secondary Targets 1 | . 1 . . . . . . . . . . Max Gunslinging Chain 1 | . 1 . . . . . . . . . . Shots Hit Robots 635 | 7 88 17 1 190 13 129 6 12 1 . 171 Core Hits 302 | 3 36 11 . 80 . 70 22 12 . 4 64 Critical Kills 9 | . 1 . . 3 . 2 . . . . 3 Critical Parts Destroyed 19 | . 1 . . 3 . 6 . . . . 9 Critical Strikes 44 | . 7 . . 6 . 14 . . . . 17 Burn 8 | . 5 . . . . 2 . . . . 1 Meltdown 4 | . . . . 1 . 1 . . . . 2 Destroy 13 | . 2 . . 2 . 7 . . . . 2 Blast 7 | . . . . . . 4 . . . . 3 Smash 12 | . . . . 3 . . . . . . 9 Melee Attacks 49 | . . . 1 15 . 3 . . . . 30 Impact 47 | . . . . 14 . 3 . . . . 30 Slashing . | . . . . . . . . . . . . Piercing . | . . . . . . . . . . . . Sneak Attacks 9 | . . . 1 4 . 1 . . . . 3 Combat Hostiles . | . . . . . . . . . . . . Follow-up Attacks . | . . . . . . . . . . . . Damage Inflicted 23190 | 66 966 570 . 5941 . 6004 1468 663 . 306 7206 Guns 5011 | 66 807 40 . 2887 . 544 21 111 . . 535 Cannons 9441 | . 159 324 . 1781 . 3163 31 207 . . 3776 Explosions 6608 | . . 206 . 539 . 2159 1416 345 . 306 1637 Melee 2130 | . . . . 734 . 138 . . . . 1258 Ramming . | . . . . . . . . . . . . Kinetic 6257 | 29 315 206 . 2561 . 1969 . 82 . . 1095 Thermal 8481 | 37 651 364 . 2412 . 1684 52 236 . . 3045 Explosive 5923 | . . . . 234 . 2019 1416 345 . 306 1603 Electromagnetic 399 | . . . . . . 194 . . . . 205 Impact 2130 | . . . . 734 . 138 . . . . 1258 Slashing . | . . . . . . . . . . . . Piercing . | . . . . . . . . . . . . Highest Corruption 18 | . 2 2 . 3 16 16 . . . . 18 Average Corruption 6 | . 2 2 . 1 11 10 . . . . 8 Corruption Purged 20 | . . . . 1 . 17 . . . . 2 Corruption Blocked . | . . . . . . . . . . . . Effects 199 | . 3 13 . 16 8 84 . . . . 75 Message Errors 46 | . 2 5 . 3 1 16 . . . . 19 Matter Fused 43 | . 1 3 . 4 2 15 . . . . 18 Heat Flow Errors 15 | . . 1 . . 1 8 . . . . 5 Energy Discharges 23 | . . 1 . 3 1 9 . . . . 9 Parts Rejected 2 | . . . . 1 . . . . . . 1 Parts Fused 1 | . . . . . . 1 . . . . . Data Loss (minor) 30 | . . 3 . 1 1 16 . . . . 9 Data Loss (major) 9 | . . . . 1 1 6 . . . . 1 Misfires 10 | . . . . 1 1 5 . . . . 3 Alerts 4 | . . . . . . 3 . . . . 1 Misdirections 3 | . . . . . . 1 . . . . 2 Weapon Failures 13 | . . . . 2 . 4 . . . . 7 Overload Shots 1 | . . . . . . 1 . . . . . Overflow Damage 1556 | . . . . 307 . 131 85 1 . . 1032 Projectiles 254 | . . . . 50 . 84 . 1 . . 119 Explosions 268 | . . . . 46 . 47 85 . . . 90 Melee 1034 | . . . . 211 . . . . . . 823 Knockbacks 38 | . . . . 8 . 12 . 3 . . 15 Impact 15 | . . . . 4 . . . . . . 11 Kinetic 18 | . . . . 3 . 11 . 2 . . 2 Secondary 5 | . . . . 1 . 1 . 1 . . 2 Self-Inflicted Damage 563 | . . 47 . 5 . 162 . 22 . . 327 Shots 14 | . . 1 . 1 . 4 . 1 . . 7 Rammed . | . . . . . . . . . . . . Targets Rammed . | . . . . . . . . . . . . Kicked . | . . . . . . . . . . . . Crushed . | . . . . . . . . . . . . Highest Temperature 404 | 90 122 236 . 340 218 404 78 78 . . 261 Average Temperature 69 | 40 20 38 . 65 122 93 41 46 . . 76 Received Heat Transfer 2136 | . 357 63 . 435 . 435 . . . 12 834 Effects 7 | . . . . . . 7 . . . . . Shutdowns 1 | . . . . . . 1 . . . . . Energy Bleed 1 | . . . . . . 1 . . . . . Interference 4 | . . . . . . 4 . . . . . Matter Decay 1 | . . . . . . 1 . . . . . Siege Activations 4 | . . . . . . 4 . . . . . Total Turns 63 | . . . . . . 63 . . . . . Longest Duration 26 | . . . . . . 26 . . . . . Martial Activations . | . . . . . . . . . . . . Shielding Activations . | . . . . . . . . . . . . Robots Disrupted . | . . . . . . . . . . . . Combat Hostiles . | . . . . . . . . . . . . Robots Corrupted 12 | . . . . 4 . 1 . . . . 7 Combat Hostiles 6 | . . . . 2 . . . . . . 4 Parts Fried 18 | . . . . 3 . 3 . . . . 12 Impact Corruptions 26 | . . . . 5 . . . . . . 21 Robots Melted 4 | . . . . 1 . 1 . . . . 2 Combat Hostiles 4 | . . . . 1 . 1 . . . . 2 Parts Melted 35 | . 5 2 . 11 . 4 . . . . 13 Heat Transferred 13493 | 111 2146 605 . 3080 . 2683 87 385 . . 4396 Parts Sabotaged 1 | . . . . . . . . . . . 1 Parts Stolen 1 | . . . . . . . . 1 . . . Parts Stripped . | . . . . . . . . . . . . Power Chain Reactions . | . . . . . . . . . . . . Alert | -11 -10 -10 -8 -6 -6 -6 -6 -6 -6 -5 -5 ------- Run | Yrd Mat Sub Scr Fac Was Fac Low Low Dat Pro Fac Maximum Alert Level 4 | . . . . 3 1 4 . . . . 3 Low Security (%) 43 | 100 100 . . 36 42 12 . . . . 54 Level 1 18 | . . . . 8 57 39 . . . . 12 Level 2 27 | . . . . 51 . 21 . . . . 24 Level 3 8 | . . . . 3 . 17 . . . . 8 Level 4 2 | . . . . . . 8 . . . . . Level 5 . | . . . . . . . . . . . . High Security . | . . . . . . . . . . . . Max Security . | . . . . . . . . . . . . Peak Influence 1208 | 5 90 . . 723 245 1208 . . . . 811 Initial 245 | . . . . . 245 106 . . . . . Average 314 | . 36 . . 337 201 481 . . . . 267 Influence Increases 6500 | 10 427 155 . 1536 7 2281 270 115 . 115 1584 Destroy 0b10 Robot/C 3240 | . 240 80 . 740 . 1080 240 100 . 100 660 Destroy 0b10 Robot/NC 290 | 10 30 . . 85 5 80 . 5 . . 75 Destroy Leader 720 | . 62 . . 190 . 260 30 10 . 10 158 Allied During Kill 350 | . . . . 38 2 305 . . . 5 . Trap Triggered on 0b10 10 | . . . . . . . . . . . 10 Successful Hack 238 | . 5 . . 92 . 14 . . . . 127 Select Force Hacks 90 | . 60 . . 30 . . . . . . . Disable Machine 510 | . . . . 210 . 180 . . . . 120 Destroy Structure 602 | . . . . 121 . 257 . . . . 224 Partial Spotted 60 | . 30 . . . . 15 . . . . 15 Lose Combat Pursuer 390 | . . 75 . 30 . 90 . . . . 195 Influence Decreases 5717 | 10 351 231 . 836 555 1240 1025 553 . 115 801 Entered New Map 1064 | . . 37 . . 455 46 442 84 . . . Time Decay 3493 | 10 331 155 . 576 100 654 583 469 . 98 517 Lost Part 459 | . 20 39 . 30 . 110 . . . . 260 Lost Ally 251 | . . . . 80 . 130 . . . 17 24 Purge Threat 450 | . . . . 150 . 300 . . . . . Squads Dispatched 66 | . 5 . . 16 . 25 . . . . 20 Investigation 27 | . 3 . . 9 . 7 . . . . 8 Extermination 15 | . . . . 5 . 5 . . . . 5 Reinforcement 19 | . 2 . . 2 . 12 . . . . 3 Assault 2 | . . . . . . 1 . . . . 1 Garrison 3 | . . . . . . . . . . . 3 Intercept . | . . . . . . . . . . . . Searches Triggered . | . . . . . . . . . . . . Data Miner Redirects 3 | . . . . . . . . . . . 3 Construction Impeded 5 | . . . . . . 2 . . . . 3 Haulers Reinforced 3 | . . . . . . 3 . . . . . Active Scanning Responses . | . . . . . . . . . . . . Cargo Convoy Interrupts 1 | . . . . . . 1 . . . . . Stealth | -11 -10 -10 -8 -6 -6 -6 -6 -6 -6 -5 -5 --------- Run | Yrd Mat Sub Scr Fac Was Fac Low Low Dat Pro Fac Distress Signals 9 | . 2 . . 3 . 1 . . . . 3 Communications Jammed . | . . . . . . . . . . . . Distress Signals . | . . . . . . . . . . . . Times Spotted 254 | . 21 13 . 54 2 60 10 8 . 10 76 Peak Tracking Total 10 | . 5 6 . 5 1 7 4 4 . 6 10 Tactical Retreats 13 | . . 1 . 2 . 5 . . . . 5 Traps | -11 -10 -10 -8 -6 -6 -6 -6 -6 -6 -5 -5 ------- Run | Yrd Mat Sub Scr Fac Was Fac Low Low Dat Pro Fac Traps Triggered 10 | . 1 3 . 2 . 1 . . . . 3 Indirectly . | . . . . . . . . . . . . Trap Hack Attempts . | . . . . . . . . . . . . Triggered . | . . . . . . . . . . . . Disarmed . | . . . . . . . . . . . . Reprogrammed . | . . . . . . . . . . . . Reused 1 | . . . . . . . . . . . 1 Traps Extracted . | . . . . . . . . . . . . Installed 2 | . . . . . . . . . . . 2 Triggered 1 | . . . . . . . . . . . 1 Most Traps Carried 5 | . . . . . . . . 5 5 5 5 Machines | -11 -10 -10 -8 -6 -6 -6 -6 -6 -6 -5 -5 ---------- Run | Yrd Mat Sub Scr Fac Was Fac Low Low Dat Pro Fac Machines Disabled 34 | . . . . 14 . 12 . . . . 8 Max in Single Turn 10 | . . . . 10 . 2 . . . . 3 Garrison Access 4 | . . . . 2 . 1 . . . . 1 Machines Repaired . | . . . . . . . . . . . . Machines Dismantled . | . . . . . . . . . . . . Machines Sabotaged . | . . . . . . . . . . . . Overloaded Fab Kills . | . . . . . . . . . . . . Hacking | -11 -10 -10 -8 -6 -6 -6 -6 -6 -6 -5 -5 --------- Run | Yrd Mat Sub Scr Fac Was Fac Low Low Dat Pro Fac Machines Accessed 74 | . 5 . 3 23 . 17 . 1 4 . 21 Terminals 30 | . 3 . . 9 . 7 . . . . 11 Fabricators 3 | . . . . 1 . . . . . . 2 Repair Stations 3 | . . . . 1 . . . . . . 2 Recycling Units 22 | . 2 . . 8 . 7 . . . . 5 Scanalyzers 4 | . . . . 2 . 2 . . . . . Garrison Access 4 | . . . . 2 . 1 . . . . 1 Total Hacks 218 | . 17 . 21 47 . 45 . 1 29 . 58 Successful 156 | . 9 . 21 33 . 30 . 1 29 . 33 Failed 62 | . 8 . . 14 . 15 . . . . 25 Catastrophic 6 | . . . . 1 . 2 . . . . 3 Database Lockouts . | . . . . . . . . . . . . Manual 98 | . 13 . . 24 . 25 . . . . 36 Terminals 102 | . 14 . . 23 . 25 . . . . 40 Fabricators 8 | . . . . 2 . . . . . . 6 Repair Stations 6 | . . . . 3 . . . . . . 3 Recycling Units 35 | . 3 . . 15 . 9 . . . . 8 Scanalyzers 11 | . . . . 2 . 9 . . . . . Garrison Access 5 | . . . . 2 . 2 . . . . 1 Terminal Hacks 77 | . 3 . 21 8 . 9 . 1 29 . 6 Record 31 | . . . 20 . . . . . 11 . . Part Schematic 13 | . . . . 1 . 2 . . 10 . . Robot Schematic 6 | . . . . . . 1 . . 5 . . Robot Analysis 2 | . . . . 1 . . . . . . 1 Prototype ID Bank 4 | . 1 . . . . . . . 3 . . Open Door 1 | . . . . . . . . 1 . . . Branch Access Points 3 | . . . . 1 . 1 . . . . 1 Terminal Index 1 | . . . . . . . . . . . 1 Repair Station Index 1 | . . . . . . . . . . . 1 Recycling Unit Index 1 | . 1 . . . . . . . . . . Alert Level 1 | . . . . 1 . . . . . . . Unreport Threat 3 | . . . . 1 . 2 . . . . . Locate Traps 6 | . 1 . . 2 . 2 . . . . 1 Recall Investigation 1 | . . . . 1 . . . . . . . Recall Reinforcements 1 | . . . . . . 1 . . . . . Zone Layout 1 | . . . . . . . . . . . 1 Proto ID Catalog 1 | . . . 1 . . . . . . . . Fabricator Hacks 4 | . . . . 1 . . . . . . 3 Network Status 1 | . . . . . . . . . . . 1 Load Schematic 1 | . . . . . . . . . . . 1 Build 2 | . . . . 1 . . . . . . 1 Repair Station Hacks 1 | . . . . 1 . . . . . . . Scan Component 1 | . . . . 1 . . . . . . . Recycling Unit Hacks 6 | . . . . 5 . . . . . . 1 Retrieve Components 6 | . . . . 5 . . . . . . 1 Scanalyzer 9 | . . . . . . 9 . . . . . Insert Component 4 | . . . . . . 4 . . . . . Analyze 5 | . . . . . . 5 . . . . . Garrison Access Hacks 4 | . . . . 2 . 1 . . . . 1 Seal Access 4 | . . . . 2 . 1 . . . . 1 Unauthorized Hacks 55 | . 6 . . 16 . 11 . . . . 22 Terminals 30 | . 4 . . 7 . 4 . . . . 15 Track 3 | . . . . . . . . . . . 3 Assimilate 4 | . . . . . . . . . . . 4 Botnet 9 | . 2 . . 2 . 3 . . . . 2 Operators 2 | . . . . . . 1 . . . . 1 Skim 12 | . 2 . . 5 . . . . . . 5 Fabricators 1 | . . . . . . . . . . . 1 Haulers 1 | . . . . . . . . . . . 1 Repair Stations 21 | . . . . 8 . 7 . . . . 6 Patch 1 | . . . . . . . . . . . 1 Recycling Units 2 | . 2 . . . . . . . . . . Tunnel 2 | . 2 . . . . . . . . . . Fedlink 17 | . . . . 6 . 7 . . . . 4 Scrapoids 2 | . . . . 2 . . . . . . . Scraphulk 1 | . . . . . . . . . . . 1 Scanalyzers 1 | . . . . 1 . . . . . . . Extract 1 | . . . . 1 . . . . . . . Garrison Access . | . . . . . . . . . . . . Data Cores Recovered . | . . . . . . . . . . . . Used . | . . . . . . . . . . . . Hacking Detections 44 | . 3 . . 15 . 10 . . . . 16 Full Trace Events 2 | . 1 . . . . . . . . . 1 Feedback Events . | . . . . . . . . . . . . Feedback Blocked . | . . . . . . . . . . . . Robot Schematics Acquired 6 | . . . . . . 1 . . 5 . . Robots Built . | . . . . . . . . . . . . Authchips . | . . . . . . . . . . . . Time . | . . . . . . . . . . . . Total Robot Build Rating . | . . . . . . . . . . . . Part Schematics Acquired 29 | . . . . 13 . 6 . . 10 . . Parts Built 2 | . . . . 1 . . . . . . 1 Authchips . | . . . . . . . . . . . . Time 171 | . . . . 95 . . . . . . 76 Total Part Build Rating 10 | . . . . 5 . . . . . . 5 Parts Repaired . | . . . . . . . . . . . . Time . | . . . . . . . . . . . . Parts Recycled . | . . . . . . . . . . . . Recycled Matter . | . . . . . . . . . . . . Retrieved Matter . | . . . . . . . . . . . . Retrieved Components 26 | . . . . 26 . . . . . . . Parts Scanalyzed 4 | . . . . . . 4 . . . . . Part Schematics Acquired 4 | . . . . . . 4 . . . . . Parts Damaged 1 | . . . . . . 1 . . . . . Bothacking | -11 -10 -10 -8 -6 -6 -6 -6 -6 -6 -5 -5 ------------ Run | Yrd Mat Sub Scr Fac Was Fac Low Low Dat Pro Fac Used RIF Installer . | . . . . . . . . . . . . Robots Hacked 12 | . . . 1 2 4 . . . 1 . 4 Non-combat 6 | . . . . 2 . . . . . . 4 Combat 2 | . . . 1 . . . . . 1 . . Robot Hacks Applied 8 | . . . 1 2 . . . . 1 . 4 parse_system 2 | . . . 1 . . . . . 1 . . find_chute 6 | . . . . 2 . . . . . . 4 Manual 4 | . . . . . 4 . . . . . . Relay Couplers Released 1 | . . . . 1 . . . . . . . Programmers 1 | . . . . 1 . . . . . . . Fabnet Peak Effective % . | . . . . . . . . . . . . Robots Rewired 4 | . . . . . 4 . . . . . . Allies Hacked 4 | . . . . 1 . 2 . . . . 1 Hacks Repelled . | . . . . . . . . . . . . Allies | -11 -10 -10 -8 -6 -6 -6 -6 -6 -6 -5 -5 -------- Run | Yrd Mat Sub Scr Fac Was Fac Low Low Dat Pro Fac Total Allies 24 | . . . . 10 4 5 . . . 1 4 Largest Group 9 | . . . . 5 9 8 . . . 1 1 Highest-Rated Group 704 | . . . . 143 704 658 . . . 96 26 Highest-Rated Ally 141 | . . . . 31 141 141 . . . 96 26 Total Orders 47 | . . . . 6 2 14 . 17 . . 8 STAY 6 | . . . . 1 2 2 . . . . 1 FOLLOW 3 | . . . . . . 1 . . . . 2 EXPLORE 27 | . . . . 4 . 8 . 11 . . 4 RETURN 11 | . . . . 1 . 3 . 6 . . 1 Ally Attacks 238 | . . . . 47 12 174 . . . 5 . Total Damage 4837 | . . . . 692 455 3597 . . . 93 . Kills 38 | . . . . 5 3 29 . . . 1 . Allies Corrupted 1 | . . . . . . 1 . . . . . Allies Melted . | . . . . . . . . . . . . Intel | -11 -10 -10 -8 -6 -6 -6 -6 -6 -6 -5 -5 ------- Run | Yrd Mat Sub Scr Fac Was Fac Low Low Dat Pro Fac Active Infowar (turns) 15767 | 18 471 532 3363 2425 208 2438 1818 1546 131 1584 1233 Optics 9919 | . . . . 2154 208 2438 1818 1546 131 1584 40 Sensors 211 | . . . . 211 . . . . . . . IFF 6029 | . . . . . . 31 1668 1495 130 1553 1152 Terrain 777 | . . . . . . 777 . . . . . Traps 2 | . . . . . . . . . . 2 . Seismic 5242 | 18 471 532 3363 858 . . . . . . . ECM 41 | . . . . . . . . . . . 41 Robot Analysis Total 2 | . . . . 1 . . . . . . 1 Derelict Logs Recovered 10 | . . 1 5 . . . . 1 . 3 . Drone Launches 25 | . . . . 3 . 7 . 12 . . 3 Drone Recoveries 19 | . . . . 1 . 5 . 12 . . 1 Exploration | -11 -10 -10 -8 -6 -6 -6 -6 -6 -6 -5 -5 ------------- Run | Yrd Mat Sub Scr Fac Was Fac Low Low Dat Pro Fac Turns Passed 18012 | 134 1012 966 3363 2425 208 2438 1818 1546 131 1584 2387 Spaces Moved 10811 | 53 605 695 1516 1770 157 1353 1100 1025 88 946 1503 Core 245 | 2 . . . . . . . . . . 243 Treads 1650 | 50 75 32 1475 . . 18 . . . . . Legs 16 | . . . . . . . . . . . 16 Wheels 8744 | 1 530 663 41 1770 157 1335 1100 1025 88 946 1088 Hover 156 | . . . . . . . . . . . 156 Flight . | . . . . . . . . . . . . Fastest Speed 48 | 50 115 115 120 80 100 100 155 131 140 140 48 Average Speed 140 | 154 122 120 219 101 100 140 156 142 140 152 105 Slowest Speed 245 | 160 240 240 240 130 100 245 245 170 140 170 220 Overloaded Moves . | . . . . . . . . . . . . Propulsion Burnouts . | . . . . . . . . . . . . Robots Hopped . | . . . . . . . . . . . . Potential Cave-ins 2 | . . . . . . 2 . . . . . Cave-ins Triggered . | . . . . . . . . . . . . Exploration Rate (%) 70 | 5 85 50 91 58 90 59 97 97 79 84 45 Regions Visited 11 Branch Regions 6 Pre-discovered Areas 9 | . 2 . 2 2 . . . . 1 1 1 Known Exits Taken 3 | . . . . . . 1 1 . . 1 . Unknown Exits Taken 6 | 1 1 1 1 . . . . 1 1 . . Scrap Searched 17 | . . 5 4 . . . 3 3 . 2 . Spaces Dug 322 | . . 21 . 44 . 99 28 44 . 30 56 Terrain Destroyed 753 | . . 24 . 140 . 219 123 64 . 50 133 Melee 5 | . . . . 2 . 2 . . . . 1 Projectile 252 | . . 3 . 47 . 71 7 10 . 33 81 AOE 496 | . . 21 . 91 . 146 116 54 . 17 51 Terrain Rammed . | . . . . . . . . . . . . Walls Destroyed . | . . . . . . . . . . . . Machines Disabled . | . . . . . . . . . . . . Actions | -11 -10 -10 -8 -6 -6 -6 -6 -6 -6 -5 -5 --------- Run | Yrd Mat Sub Scr Fac Was Fac Low Low Dat Pro Fac Total 12683 | 83 765 789 1551 2174 201 1686 1170 1087 93 1054 2030 Wait 538 | 2 72 32 4 93 28 46 27 15 . 60 159 Move 10801 | 52 604 694 1515 1770 156 1352 1099 1024 87 945 1503 Hop . | . . . . . . . . . . . . Pick Up 151 | 10 10 12 9 31 . 40 4 3 . 1 31 Fast Attach 71 | 4 1 3 3 18 1 13 2 2 . 3 21 Attach 66 | 3 2 3 1 12 . 17 1 1 . . 26 Detach 24 | . 1 1 . 6 . 5 1 1 . . 9 Swap 228 | 1 13 14 5 55 1 52 12 20 3 7 45 Drop 151 | . 2 14 13 39 2 35 4 5 . 4 33 Fire 584 | 11 60 16 . 135 13 122 20 15 3 34 155 Melee 49 | . . . 1 15 . 3 . . . . 30 Ram . | . . . . . . . . . . . . Kick . | . . . . . . . . . . . . Crush . | . . . . . . . . . . . . Escape Stasis 16 | . . . . . . . . . . . 16 Rewire 2 | . . . . . . 1 . 1 . . . Trap 2 | . . . . . . . . . . . 2 Miscellaneous . | . . . . . . . . . . . . Route ------- -11/Scrapyard -10/Materials (discovered 5 exits: [*Mat x2] / [*Min x2] / [*Sub]) -10/Subcaves (discovered 4 exits: [*Mat x2] / [*Rec] / *Scr) -8/Scraptown (discovered 2 exits: *Fac x2) -6/Factory (discovered 5 exits: *Fac x3 / Low x2) -6/Waste -6/Factory (discovered 5 exits: *Fac x3 / *Low x2) -6/Lower Caves (discovered 2 exits: *Low / *Dat) -6/Lower Caves (discovered 2 exits: *Fac / *Dat) -6/Data Miner -5/Proximity Caves -5/Factory (discovered 3 exits: [*Fac] / Upp x2) History --------- Turn | Location | Event 27 | -11/Scrapyard | Discovered new exit (range 16) 135 | -11/Scrapyard | Entered Materials 136 | -10/Materials | Met a group of wandering Federalists 193 | -10/Materials | Discovered new exit (range 10) 306 | -10/Materials | Build established: Mutant 360 | -10/Materials | Discovered new exit (range 16) 377 | -10/Materials | Discovered new exit (range 10) 523 | -10/Materials | Discovered new exit (range 10) 774 | -10/Materials | Discovered new exit (range 9) 1147 | -10/Materials | Entered Subcaves 1148 | -10/Subcaves | Continued accompanying wandering Federalists (4) 1257 | -10/Subcaves | A swath of the cavern ceiling suddenly collapsed 1391 | -10/Subcaves | Wandering Federalist uncovered a shortcut to Scraptown 1391 | -10/Subcaves | Discovered new exit (range 8) 1431 | -10/Subcaves | Discovered new exit (range 11) 1439 | -10/Subcaves | Shifting Twisted Machinery released Sub. Shrapnel Launcher 1458 | -10/Subcaves | Shifting Twisted Machinery released Scrap Shield 1486 | -10/Subcaves | Discovered new exit (range 15) 1670 | -10/Subcaves | Learned Materials stockpile data 1680 | -10/Subcaves | Build established: Scavenger-Mutant 1761 | -10/Subcaves | Disturbed a concealed Subdweller 1773 | -10/Subcaves | Core integrity fell below 50% 2074 | -10/Subcaves | Core integrity fell below 20% 2113 | -10/Subcaves | Entered Scraptown 2113 | -8/Scraptown | System corruption cleaned by C-Scrubber 2396 | -8/Scraptown | Visited Awakened 2461 | -8/Scraptown | Visited Fellowship of the Rings 2965 | -8/Scraptown | Scanned Subdweller tech in exchange for log data 2970 | -8/Scraptown | Learned Factory emergency access door positions 2972 | -8/Scraptown | Learned location of Warlord (-5) 2974 | -8/Scraptown | Learned location of 1 exit from Lower Caves 2977 | -8/Scraptown | Learned Factory interactive machine intel 2979 | -8/Scraptown | Learned location of Zion (-7) 3014 | -8/Scraptown | Discovered new exit (range 7) 3187 | -8/Scraptown | Visited Spacefarers 3274 | -8/Scraptown | Visited Symbiants 3326 | -8/Scraptown | Visited Cave Peace 3446 | -8/Scraptown | Visited Cyclists 3919 | -8/Scraptown | Visited UFD Registry 3919 | -8/Scraptown | Registered with UFD as "Pyrohead" 3974 | -8/Scraptown | Visited LU-1G1's Boring Crew 4116 | -8/Scraptown | Visited Scrapoid Pod Storage 4149 | -8/Scraptown | Visited Abandonware Association 4173 | -8/Scraptown | Learned abandonware demo "POISON.EXE" 4173 | -8/Scraptown | Learned abandonware demo "REBOOT5.EXE" 4236 | -8/Scraptown | Visited Botcube Research 4317 | -8/Scraptown | Delivered Scrap Shield to a Scientist 4566 | -8/Scraptown | Found Lrg. Botcube 4605 | -8/Scraptown | Visited Scrap Suit Storage 4673 | -8/Scraptown | Visited Science Testing Area 4711 | -8/Scraptown | Visited Observation Area 4809 | -8/Scraptown | Visited Derelict Rescue Squad 4835 | -8/Scraptown | Found DRS Beacon 4884 | -8/Scraptown | Visited Science Guys 5109 | -8/Scraptown | Found Scrap Suit 5276 | -8/Scraptown | Found Scrapoid Pod 5323 | -8/Scraptown | Build established: Mutant 5366 | -8/Scraptown | Met Optimus 5366 | -8/Scraptown | Accepted into 0bPrime 5467 | -8/Scraptown | Discovered new exit (range 5) 5476 | -8/Scraptown | Entered Factory 5476 | -6/Factory | Evolved 8 slots: Propulsion x2, Utility x5, Weapon x1 5478 | -6/Factory | Loaded intel: 54 interactive machine locations 5552 | -6/Factory | Loaded intel: 8 recycling unit locations 5818 | -6/Factory | Discovered new exit (range 10) 5858 | -6/Factory | Scrapoid reinforcements arrived 5908 | -6/Factory | Lost 5 allies 5938 | -6/Factory | Found Scrap Suit 6170 | -6/Factory | Build established: Scavenger-Scrapper 6171 | -6/Factory | Fabricated Imp. Hacking Suite? 6207 | -6/Factory | Identified exit to Factory 6613 | -6/Factory | Discovered exit to Factory (range 14) 6955 | -6/Factory | Learned location of Protoforge (-3) 7063 | -6/Factory | Learned Extension interactive machine intel 7130 | -6/Factory | Learned 4 Lower Caves zone layouts 7229 | -6/Factory | Learned Factory emergency access door positions 7242 | -6/Factory | Identified exit to Lower Caves 7261 | -6/Factory | Discovered exit to Factory (range 3) 7299 | -6/Factory | Learned Extension emergency access door positions 7304 | -6/Factory | Found Prototype Processor 7304 | -6/Factory | Identified Exp. Targeting Computer 7324 | -6/Factory | Learned location of 2 exits from Archives 7399 | -6/Factory | Learned Hub_04(d) interactive machine intel 7828 | -6/Factory | Scrapoids reinforcements arrived? 7901 | -6/Factory | Sucked down chute 7901 | -6/Factory | Entered Waste 7916 | -6/Waste | EMP discharged 7939 | -6/Waste | Spotted C-40 Crusher 7945 | -6/Waste | Spotted C-40 Crusher 7946 | -6/Waste | Rewired C-40 Crusher 7951 | -6/Waste | Spotted C-40 Crusher 7954 | -6/Waste | Rewired C-40 Crusher 7956 | -6/Waste | Spotted C-40 Crusher 7960 | -6/Waste | Allies destroyed C-40 Crusher 7963 | -6/Waste | Rewired C-40 Crusher 7970 | -6/Waste | Spotted C-40 Crusher 7980 | -6/Waste | Rewired C-40 Crusher 8011 | -6/Waste | 5 allies followed down the chute 8016 | -6/Waste | EMP discharged 8016 | -6/Waste | System corruption reached 10% 8051 | -6/Waste | Discovered new exit (range 11) 8109 | -6/Waste | Entered Factory 8109 | -6/Factory | Accompanied by 8 allies 8199 | -6/Factory | Found Scrap Suit 8436 | -6/Factory | Loaded intel: 8 recycling unit locations 8477 | -6/Factory | Discovered exit to Factory (range 7) 8489 | -6/Factory | Build established: Commander-Scrapper 9197 | -6/Factory | Cargo convoy interrupted 9201 | -6/Factory | Discovered exit to Factory (range 13) 9281 | -6/Factory | Lost 4 allies 9544 | -6/Factory | Build established: Scavenger-Scrapper 9743 | -6/Factory | Discovered exit to Factory (range 10) 9747 | -6/Factory | Core integrity fell below 50% 9855 | -6/Factory | Lost 6 parts (3n1u2w) 10039 | -6/Factory | Scrapoid Pod released 06F15-D (x5) 10209 | -6/Factory | First assault squad dispatched 10337 | -6/Factory | Lost 3 allies 10547 | -6/Factory | Entered Lower Caves 10548 | -6/Lower Caves | Identified exit to Lower Caves 10549 | -6/Lower Caves | UFD Scientist delivered a prototype 10551 | -6/Lower Caves | Found Prototype Protection 10771 | -6/Lower Caves | A Derelict revealed a hidden shortcut to meet someone special 10776 | -6/Lower Caves | Identified Enh. Scrap Shield 10955 | -6/Lower Caves | Build established: Scavenger-Skirmisher 12365 | -6/Lower Caves | Entered another Lower Caves area 12381 | -6/Lower Caves | Learned location of 1 exit from Factory 12390 | -6/Lower Caves | Discovered exit to Factory (range 5) 12663 | -6/Lower Caves | Found DCF Scrap (13 items) 13370 | -6/Lower Caves | Discovered new exit (range 30) 13911 | -6/Lower Caves | Entered Data Miner 13913 | -6/Data Miner | Discovered new exit (range 6) 13931 | -6/Data Miner | Met Data Miner 13985 | -6/Data Miner | Learned location of Section 7 (-3) 13985 | -6/Data Miner | Acquired the access code to Warlord's prototype stash 14006 | -6/Data Miner | Received God Mode back door access code from Data Miner 14042 | -6/Data Miner | Entered Proximity Caves 14516 | -5/Proximity Caves | Learned Factory stockpile data 14814 | -5/Proximity Caves | Escorted by Enhanced Grunt 15605 | -5/Proximity Caves | Spotted B-75 Beast 15609 | -5/Proximity Caves | Core integrity fell below 20% 15626 | -5/Proximity Caves | Entered Factory 15626 | -5/Factory | Evolved 2 slots: Utility x2 15627 | -5/Factory | Identified exit to Upper Caves 15912 | -5/Factory | Build established: Scavenger-Gunner 16154 | -5/Factory | Loaded intel: 8 recycling unit locations 16170 | -5/Factory | Incoming investigation squad redirected 16510 | -5/Factory | Learned location of Proximity Caves (-4) 16552 | -5/Factory | Learned 12 Research zone layouts 16608 | -5/Factory | Loaded intel: 4 garrison access locations 16619 | -5/Factory | Learned 4 Armory zone layouts 16621 | -5/Factory | Learned Extension emergency access door positions 16622 | -5/Factory | Learned 2 Armory zone layouts 16623 | -5/Factory | Learned Extension emergency access door positions 16629 | -5/Factory | Build established: Scavenger-Scrapper 16634 | -5/Factory | Learned Extension terminal intel 16657 | -5/Factory | Learned Research emergency access door positions 16941 | -5/Factory | Build established: Scavenger-Gunner 17130 | -5/Factory | Discovered new exit (range 15) 17302 | -5/Factory | Incoming investigation squad redirected 17554 | -5/Factory | Noticed UFD Elites at a Recycling Unit 17607 | -5/Factory | Lost 3 allies 17607 | -5/Factory | Garrison activated, responded to threat 17623 | -5/Factory | System corruption reached 10% 17634 | -5/Factory | Fabricated Exp. Utility Shielding (x1) 17664 | -5/Factory | Core integrity fell below 50% 17680 | -5/Factory | Lost 12 parts (2p3n3u4w) 17726 | -5/Factory | First assault squad dispatched 17807 | -5/Factory | Lost 4 parts (3n1u) 17826 | -5/Factory | Core integrity fell below 20% 17866 | -5/Factory | Lost 3 parts (1n1u1w) 17911 | -5/Factory | Build established: Hacker-Mutant 18005 | -5/Factory | Incoming investigation squad redirected 18012 | -5/Factory | Scraphulk reinforcements arrived? 18013 | -5/Factory | Destroyed by P-70 Sage with High-powered Shock Rifle Last Messages --------------- 17976_ JJVO=EW#PY2FD%BN43Z9U%LCH=UIZ 17983_ Connecting with Recycling Unit... >>Force(Scraphulk) 0bP!AGENT 0bP!ALLOCATE<73-5=68> 0bP!ETA<29> 0bP!WE_ARE_ONE 17983_ ALERT: Suspicious activity at Recycling Unit F007. Dispatching Investigation squad. 17994_ UEO66AJZJ=XL/X1: XO0FZFKVJRP:9O9CUAP2B 18001_ Imp. Gravmag System destroyed. 18005_ ALERT: Higher priority target reported, redirecting investigation. 18005_ Penetrated by Slug. 18007_ Slug penetrates Repair Station. 18010_ System corrupted: Component data lost. 18010_ Imp. Gravmag System destroyed. 18010_ Penetrated by Slug. 18010_ Hrd. Medium Armor Plating destroyed. 18012_ >> RECYCLER: Scraphulk arrived? 18013_ P-70 Sage resets P-70 Sage, system corruption cleaned. Map ----- +----------------------------------------------------+ | ???????????????????????????????????????? | | ???????????????????????????????????????? | | ???????????????????????????????????????? | | ???????????????????????????????????????? | | ???????????????????????????????????????? | | ???????????????????????????????????????? | | ???????????????????????????????????????? | | ???????????????????????????????????????? | | ???????????????????????????????????????? | | ???????????????????????????????????????? | | ?????????????????#########????????????## | | ?????????????????? #????????????# | | ?????????????????? " " " #????????????# | | ?????????????????" " " " #+##+######### | | ?????????????????" " " " # # | | ???????????????? " " " " # # | | ???????????????" " " " " + # | | ?????????????? " " " " " # / | | ?????????????? " " " " " # # | | ????????????# " " " " " ## T# #! | | ????????????# " " " " " ##### # | | ????????????# #???# # | | ????????????# ! #####+## # | | ?????#??????###########+### # ## | | ?????# #############??# #?# """ # # | | ?????# ! @p #??# #?# "Y" # # | | ?????# pp"" #### #?# # # | | ?????# """ Y """ + ######### # | | ?????# """ !!| R" #### # | | ?????# """ !!| """ #??# # | | ?????# !|| p #??# + | | ?????###############??#+## # | | ?????????????????????????# """" # | | ?????????????????????????# """" # | | ?????????????????????????# """" # | | ?????????????????????????# """" # | | ?????????????????????????# ???"""" ## | | ???????????????????????????????""" #? | | ??????????????????????????????? #? | | ???????????????????????????????""" #? | | ????????????????????????????????"" #? | | ?????????????????????????????????" ?? | | ?????????????????????????????????" ?? | | ?????????????????????????????????" ?? | | ??????????????????????????????????? ?? | | ???????????????????????????????????????? | | ???????????????????????????????????????? | | ???????????????????????????????????????? | | ???????????????????????????????????????? | | ???????????????????????????????????????? | +----------------------------------------------------+ Best States ------------- Heat Dissipation 71 Energy Generation 19 Energy Capacity 765 Matter Stores 300 Matter Capacity 300 Sight Range 22 Robot Scan Range 16 Terrain Scan Range 20 Terrain Scan Density 10 ECM Strength 1 Additional Mass Support 12 Armor Coverage 1025 Weapon Cycling 20 Evasion (%) 55 Targeting Accuracy 12 Recoil Reduction 3 Particle Charging 20 Offensive Hacking 26 Defensive Hacking 24 Trap Extractor Capacity 6 Item Schematics ----------------- Flexi-carbon Leg | -6/Factory | Extracted Gatling Laser | -6/Factory | Extracted Com. Matter Pod | -6/Factory | Extracted Hvy. Flak Cannon | -6/Factory | Extracted Gravmag Array | -6/Factory | Extracted Com. Battery | -6/Factory | Extracted Hardlight Generator | -6/Factory | Extracted Proton Cannon | -6/Factory | Extracted Force Rifle | -6/Factory | Extracted Terrain Scan Processor | -6/Factory | Extracted Arc Projector | -6/Factory | Extracted IFF Parser | -6/Factory | Extracted Exp. Utility Shielding | -6/Factory | Hacked Hacking Suite | -6/Factory | Scanalyzed Imp. Light Armor Plating | -6/Factory | Scanalyzed Ovr. Scrapsphere | -6/Factory | Scanalyzed Imp. Heavy Armor Plating | -6/Factory | Scanalyzed Huge Storage Unit | -6/Factory | Hacked Imp. Weapon Cycler | -6/Factory | Hacked Combat Drone Bay | -6/Data Miner | Free Lgt. Regenerative Plating | -6/Data Miner | Free Cld. Gravmag System | -6/Data Miner | Free Imp. Matter Compressor | -6/Data Miner | Free Tiamat Missile Launcher | -6/Data Miner | Free Impulse Thruster | -6/Data Miner | Free Adv. Actuator Array | -6/Data Miner | Free Micro-nuke Launcher | -6/Data Miner | Free Phase Gun | -6/Data Miner | Free Biometal Medium Treads | -6/Data Miner | Free Robot Schematics ------------------ M-28 Smith | -6/Factory | Hacked G-50 Soldier | -6/Data Miner | Free E-15 Imp | -6/Data Miner | Free Y-64 Sentinel | -6/Data Miner | Free X-77 Beamer | -6/Data Miner | Free L-61 Swordsman | -6/Data Miner | Free Fabricated ------------ Imp. Hacking Suite | x1 | -6/Factory | Preloaded Exp. Utility Shielding | x1 | -5/Factory Repaired ---------- Nothing Alien Tech Used ----------------- None Achievements -------------- None Challenges ------------ None Game ------ Seed BombSegregatorNanosword Manual? 0 Play Time 04:13:41 Cumulative 791.7 hours Start 2025.05.05 @ 22:00:04 End 2025.05.06 @ 02:40:10 Sessions 3 Manual Loads 0 Difficulty Rogue Special Mode None Game No. 155 Rogue 155 Adventurer 0 Explorer 0 Win Type - Total 46 Types 22/4/6/1/2/1/6/2/2/0 Lore% 81 Gallery% 84 Achievement% 91 Wizard Run 0 Options --------- Layout 0 ASCII 0 Keyboard 0 Movement Numpad Keybinds 0 Fullscreen 1 Font 18/SmallcapsGlow Map View 76x50 Zoom Use 0% Tactical HUD 1 Map Filters NONE Filters NONE Steam 1 RUN: 15ffedb1-a79e-4560-bb38-2b4381197c79